 Dungeon Crawl Stone Soup version 0.24.0-2-g5b39cebb1c (webtiles) character file.

Game seed: 12041077162707210570, levelgen mode: deterministic

1024 iamserjio the Skirmisher (level 8, -2/58 HPs)
             Began as an Octopode Assassin on Oct 31, 2019.
             Was a Follower of Ru.
             Slain by a centaur zombie (8 damage)
             ... on level 5 of the Dungeon.
             The game lasted 00:06:43 (4699 turns).

iamserjio the Skirmisher (Octopode Assassin)        Turns: 4699, Time: 00:06:44

Health: -2/58      AC:  3    Str:  8 (9)  XL:     8   Next: 22%
Magic:  11/11      EV: 12    Int: 18 (19) God:    Ru [*.....]
Gold:   247        SH: 10    Dex: 13 (14) Spells: 8/11 levels left

rFire    . . .     SeeInvis .   a - +2 dagger
rCold    + . .     Gourm    .   t - +2 shield {rPois}
rNeg     . . .     Faith    .   (helmet restricted)
rPois    +         Spirit   .   (no amulet)
rElec    .         Reflect  .   (no ring)
rCorr    .         Harm     .   (no ring)
MR       .....                  (no ring)
Stlth    ++++......             (no ring)
HPRegen  0.19/turn              (no ring)
MPRegen  0.12/turn              (no ring)
                                (no ring)
                                (no ring)

@: brilliant
A: almost no armour, stealthy swim, amphibious, 8 rings, constrict 8, antennae
1, slimy green scales 1, camouflage 1, cold resistance 1, weak 1, gelatinous
body 1, no fire magic, no summoning magic, no transmutations magic
a: Renounce Religion


You were on level 5 of the Dungeon.
You worshipped Ru.
Ru was aware of your devotion.
You were hungry.

You visited 2 branches of the dungeon, and saw 7 of its levels.

You collected 247 gold pieces.

Inventory:

Hand Weapons
 a - a +2 dagger (weapon)
 B - a +0 war axe
Missiles
 b - 7 poisoned darts
 g - 44 sling bullets
 x - a curare-tipped dart (quivered)
Armour
 t - a +2 shield of poison resistance (worn)
Jewellery
 p - the ring "Erequna" {*Corrode Str+7 Slay+1, unknown}
   (You found it on level 5 of the Dungeon)

   [ring of slaying]

   It affects your strength (+7).
   It affects your accuracy and damage with ranged weapons and melee attacks
   (+1).
   It may corrode you when you take damage.
 u - an uncursed amulet of rage {unknown}
 y - an uncursed amulet of the acrobat {unknown}
Scrolls
 e - 4 scrolls of random uselessness {unknown}
 f - a scroll of enchant armour {unknown}
 k - 4 scrolls of identify {unknown}
 l - 3 scrolls of magic mapping {unknown}
 m - 2 scrolls of teleportation {unknown}
 q - 4 scrolls of remove curse {unknown}
 r - a scroll of amnesia {unknown}
 v - a scroll of immolation {unknown}
 A - a scroll of fear {unknown}
Potions
 c - a potion of heal wounds {unknown}
 h - a potion of haste {unknown}
 i - a potion of brilliance
 j - a potion of degeneration
 n - a potion of flight {unknown}
 o - a potion of magic {unknown}
 s - a potion of mutation
 w - a potion of curing {@q1}
Comestibles
 d - 6 rations
 z - 3 chunks of flesh


   Skills:
 * Level 6.7 Fighting
 - Level 2.0 Short Blades
 - Level 2.0 Throwing
 - Level 3.6 Dodging
 - Level 5.3 Stealth
 * Level 3.4 Shields
 - Level 2.0 Spellcasting
 - Level 3.0 Hexes


You had 8 spell levels left.
You knew the following spells:

 Your Spells              Type           Power        Failure   Level  Hunger
a - Animate Skeleton      Necr           N/A          9%          1    #......
b - Confusing Touch       Hex            ###...       2%          1    #......
c - Apportation           Tloc           ##....       9%          1    #......

Your spell library contained the following spells:

 Spells                   Type           Power        Failure   Level  Hunger
 Confuse                  Hex            ###.....     8%          3    ###....
 Gell's Gravitas          Tloc           ##........   24%         3    ###....
 Metabolic Englaciation   Hex/Ice        ###.......   67%         5    ######.
 Summon Small Mammal      Summ           Unusable     N/A         1    N/A
 Petrify                  Tmut/Erth      Unusable     N/A         4    N/A
 Yara's Violent Unravell  Hex/Tmut       Unusable     N/A         5    N/A

Dungeon Overview and Level Annotations

Branches:
Dungeon (6/15)             Temple (1/1) D:4

Altars:
Ashenzari
Cheibriados
Dithmenos
Elyvilon
Fedhas
Gozag
Hepliaklqana
Kikubaaqudgha
Nemelex Xobeh
Okawaru
Qazlal
Ru
Sif Muna
Trog
Uskayaw
Vehumet
Wu Jian
Xom
Yredelemnul
Zin
The Shining One


Innate Abilities, Weirdness & Mutations

You cannot wear most types of armour.
You are very stealthy in the water. (Stealth+)
You are amphibious.
You can wear up to eight rings at the same time.
You can use your tentacles to constrict eight enemies at once.
Your skin changes colour to match your surroundings (Stealth+).
Your rubbery body absorbs attacks. (AC +1, EV +1)
You cannot study or cast Fire magic.
You cannot study or cast Summoning magic.
You cannot study or cast Transmutations magic.
You have a pair of small antennae on your head.
You are partially covered in slimy green scales. (AC +2)
Your flesh is cold resistant. (rC+)
You are weak. (Str -2)


Message History

You hit the centaur zombie.
You squeeze the centaur zombie, but do no damage.
You redirect the centaur zombie's attack!
The centaur zombie hits itself.
You block the centaur zombie's attack.
You hit the centaur zombie. The centaur zombie closely misses you.
You hit the centaur zombie.
You squeeze the centaur zombie, but do no damage.
You block the centaur zombie's attack.
You hit the centaur zombie. You block the centaur zombie's attack.
You hit the centaur zombie. You block the centaur zombie's attack.
The centaur zombie hits you!
* * * LOW HITPOINT WARNING * * *
You hit the centaur zombie. The centaur zombie hits you.
* * * LOW HITPOINT WARNING * * *
You completely miss the centaur zombie.
You are feeling hungry.
You block the centaur zombie's attack.
You hit the centaur zombie. You block the centaur zombie's attack.
The centaur zombie hits you!
You die...

###### #....###
#......# #......#
#...8Z.#. #........
#........ #Z# ...#
##########@#..##
##..#...........#
#...............§..
#####...........8§§§.
##.##...........§P§§§#
##...#...........§P§§§.
#.....##.......###§§§§.
#.....##.......# ###..
#................


You could see a centaur zombie.

Vanquished Creatures
  Eustachio (D:4)
  A sky beast (D:6)
  2 ogres
  A centaur (D:5)
  A scorpion (D:6)
  A centaur zombie (D:5)
  A bullfrog zombie (D:5)
  2 orc wizards
  A bullfrog skeleton (D:5)
  A centaur skeleton (D:5)
  An iguana (D:5)
  3 worker ants
  A killer bee zombie (D:5)
  A hound zombie (D:5)
  A hound skeleton (D:5)
  A worker ant zombie (D:5)
  8 adders
  An adder skeleton (D:4)
  A worm (D:4)
  A dart slug (D:1)
  2 leopard geckos
  14 orcs
  7 giant cockroaches
  5 goblins
  3 hobgoblins
  8 kobolds
  5 quokkas
  A ball python (D:2)
  8 bats
  4 frilled lizards
  A leopard gecko zombie (D:5)
  A quokka skeleton (D:5)
  A quokka zombie (D:5)
  8 rats
99 creatures vanquished.

Notes
Turn   | Place    | Note
-------+----------+-------------------------------------------
     0 | D:1      | iamserjio the Octopode Assassin began the quest for the
                  | Orb.
     0 | D:1      | Reached XP level 1. HP: 14/14 MP: 1/1
   142 | D:1      | Reached XP level 2. HP: 20/20 MP: 2/2
   713 | D:2      | Reached skill level 3 in Fighting
   715 | D:2      | Reached XP level 3. HP: 22/26 MP: 3/3
  1501 | D:3      | Found a radiant altar of Vehumet.
  1510 | D:3      | Reached XP level 4. HP: 24/31 MP: 4/4
  1740 | D:3      | Found a stormy altar of Qazlal.
  2082 | D:3      | Reached skill level 4 in Fighting
  2259 | D:4      | Noticed Eustachio
  2286 | D:4      | Killed Eustachio
  2286 | D:4      | Reached skill level 5 in Fighting
  2286 | D:4      | Reached XP level 5. HP: 22/39 MP: 5/5
  2286 | D:4      | Reached XP level 6. HP: 25/45 MP: 6/6
  2812 | D:4      | Learned a level 1 spell: Animate Skeleton
  2814 | D:4      | Learned a level 1 spell: Confusing Touch
  2816 | D:4      | Learned a level 1 spell: Apportation
  2952 | D:4      | Found a staircase to the Ecumenical Temple.
  3003 | D:4      | Found a hazy altar of Hepliaklqana.
  3006 | D:4      | Found a sparkling altar of Nemelex Xobeh.
  3009 | D:4      | Found a hide-covered altar of Uskayaw.
  3095 | Temple   | Entered the Ecumenical Temple
  3115 | Temple   | Became a worshipper of Ru the Awakened
  3155 | D:5      | Entered Level 5 of the Dungeon
  3464 | D:5      | Reached skill level 1 in Shields
  3464 | D:5      | Reached skill level 1 in Hexes
  3484 | D:5      | Reached skill level 1 in Spellcasting
  3484 | D:5      | Reached XP level 7. HP: 44/51 MP: 8/8
  3571 | D:6      | Reached skill level 6 in Fighting
  4247 | D:6      | Reached XP level 8. HP: 28/58 MP: 11/11
  4473 | D:5      | Got a warped iron ring
  4686 | D:5      | Gained mutation: You are partially covered in slimy green
                  | scales. (AC +2) [potion of mutation]
  4686 | D:5      | Gained mutation: Your flesh is cold resistant. (rC+)
                  | [potion of mutation]
  4686 | D:5      | Gained mutation: You are weak. (Str -2) [potion of
                  | mutation]
  4686 | D:5      | Gained mutation: You have a pair of small antennae on your
                  | head. [potion of mutation]
  4689 | D:5      | Gained mutation: You cannot study or cast Fire magic. [Ru
                  | sacrifice]
  4689 | D:5      | Gained mutation: You cannot study or cast Transmutations
                  | magic. [Ru sacrifice]
  4689 | D:5      | Gained mutation: You cannot study or cast Summoning magic.
                  | [Ru sacrifice]
  4689 | D:5      | Reached * piety under Ru
  4699 | D:5      | Slain by a centaur zombie

Levels and vault maps discovered:
D:1:      minmay_arrival_three_doors, layout_basic
D:2:      layout_rooms, first_ration, minmay_misc_feat_more_columns
D:3:      layout_rooms, fiery_altar_vehumet, overflow_temple_1_default,
          kennysheep_big_empty_room
D:4:      layout_basic, grunt_temple_overflow_diamond,
          minmay_temple_entry_junction, minmay_misc_feat_ornament,
          wad_floor_pattern_2, uniq_eustachio
D:5:      layout_cave_pools, serial_undead, serial_undead_a, serial_undead_e,
          serial_undead_b, serial_undead_d, uniq_edmund
D:6:      layout_cave_pools, hangedman_glass_teeth
Temple:   lightli_temple_of_artemis

Skill      XL: |  1  2  3  4  5  6  7  8 |
---------------+-------------------------+-----
Fighting       | 3 5 6 |  6.7
Dodging        | 2 3 |  3.6
Shields        | 1 2 3 |  3.4
Hexes          | 1 2 3 |  3.0
Spellcasting   | 1 2 |  2.0
Short Blades   | |  2.0
Throwing       | |  2.0
Stealth        | |  5.3

Action                   |  1- 3 |  4- 6 |  7- 9 || total
-------------------------+-------+-------+-------++-------
Melee: Dagger            |    66 |    92 |    90 ||   248
       Constrict         |    17 |    17 |    16 ||    50
       Tentacles         |    11 |    15 |    25 ||    51
Throw: Dart              |       |     2 |    13 ||    15
Invok: Sacrifice Arcana  |       |       |     1 ||     1
  Use: Potion            |       |       |     4 ||     4
 Stab: Sleeping          |     9 |    15 |     2 ||    26
  Eat: Chunk             |     2 |     4 |     2 ||     8
       Ration            |       |       |     1 ||     1
Armor: Skin              |     7 |     2 |     3 ||    12
Dodge: Dodged            |    46 |    60 |    33 ||   139
Block: Shield            |       |     8 |    57 ||    65
